 Dungeon Crawl Stone Soup version 0.30-a0-920-g7493c07aab (console) character file.

Game seed: 15662174440487254118

11 petzl the Sneak (level 2, -1/22 (24) HPs)
             Began as a Formicid Delver on Mar 21, 2023.
             Killed by nerve-wracking pain
             ... invoked by Grinder
              (7 damage)
             ... on level 5 of the Dungeon.
             The game lasted 00:06:05 (639 turns).

petzl the Sneak (Formicid Delver)                    Turns: 639, Time: 00:06:06

HP:   -1/22 (24)    AC:  3    Str: 16    XL:     2   Next: 35%
MP:   4/4           EV: 12    Int:  9    God:
Gold: 61            SH:  0    Dex: 15    Spells: 4/4 levels left

rFire   . . .      SeeInvis +    a - +0 rapier
rCold   . . .      Faith    .    (no shield)
rNeg    . . .      Spirit   .    d - +0 leather armour
rPois   .          Reflect  .    (helmet unavailable)
rElec   .          Rampage  .    (no cloak)
rCorr   .                        (no gloves)
Will    .....                    (no boots)
Stlth   +++                      (no amulet)
HPRegen 0.23/turn                (no ring)
MPRegen 0.09/turn                (no ring)

@: drained
A: permanent stasis, dig shafts and tunnels, antennae 3, four strong arms
a: Dig, Shaft Self


You were on level 5 of the Dungeon.
You visited 1 branch of the dungeon, and saw 7 of its levels.

You collected 61 gold pieces.

Inventory:

Hand Weapons
 a - a +0 rapier (weapon)
 b - a +0 sling
Missiles
 h - a throwing net
 k - 5 poisoned darts
Armour
 d - a +0 leather armour (worn)
Wands
 f - a wand of digging (3)
 g - a wand of charming (9)
 i - a wand of iceblast (1)
Scrolls
 c - a scroll of fog
 e - a scroll of butterflies {unknown}
 l - a scroll of amnesia {unknown}
Potions
 j - a potion of heal wounds {unknown}


   Skills:
 - Level 3.2 Fighting
 - Level 2.0 Maces & Flails
 * Level 0.2 Ranged Weapons
 - Level 1.7 Dodging
 - Level 6.0 Stealth
 + Level 1.7 Spellcasting


You had 4 spell levels left.
You didn't know any spells.
Your spell library was empty.

Dungeon Overview and Level Annotations

Branches:
Dungeon (10/15)              Lair (0/5) D:10            Orc (0/2) D:10
 Temple: D:4-7

Altars:

Annotations:
D:5 exclusions: downstairs, ogre and sensed monster (detected), Grinder
D:6 Sigmund
D:7 exclusion: sensed monster (detected)
D:10 exclusion: centaur


Innate Abilities, Weirdness & Mutations

You cannot be hasted, slowed, berserked, paralysed or teleported.
You can dig through walls and to a lower floor.
You have a pair of large antennae on your head. (SInv)
Your four strong arms can wield two-handed weapons with a shield.


Message History

The orc wizard barely misses you.
The orc hits you with a +2 short sword of speed.
Okay, then.
Unknown command.
Unknown command.
You extend your mandibles.
You dig through the rock wall.
You feel drained.
The orc wizard attacks as you move away!
The orc wizard barely misses you.
You retract your mandibles.
You barely miss the orc wizard.
The orc wizard gestures at you while chanting.
The puff of flame hits you!
* * * LOW HITPOINT WARNING * * *
Unknown command.
Unknown command.
Unknown command.
Okay, then.
Aiming: Charm
Press: ? - help, Shift-Dir - straight line, f/p - orc wizard
Aim: an orc wizard, wielding a +0 dagger and wearing a +0 robe (chance to affect: 49%)
The orc wizard is charmed.
Something closely misses your orc wizard.
Something barely misses your orc wizard.
Something hits your orc wizard. Something hits your orc wizard.
Something completely misses your orc wizard.
Something closely misses your orc wizard.
Something hits your orc wizard.
Your orc wizard dies!
Aiming: Iceblast
Press: ? - help, Shift-Dir - straight line, f - orc
Aim: an orc, wielding a +2 short sword of speed The mass of ice explodes!
The iceblast engulfs the orc!
You kill the orc!
You hear a shout!
Grinder comes into view.
There is a stone staircase leading down here.
Grinder gestures at you. Pain shoots through your body!
You die...

##########
#........#
#.######<# #
#.#####.##.#
#.#........####
#.#.###........
#.#.@....5....#
######.#..########.#
#......#..# #
#.####.#..# #.#
..#..# ##.######..#
#..........#
##########.# #.# ..
.## .# .# #.O. {
#... { #... { # #...


You could see Grinder.

Vanquished Creatures
  An adder (D:5)
  An orc (D:5)
2 creatures vanquished.

Vanquished Creatures (others)
  An orc wizard (D:5)
1 creature vanquished.

Grand Total: 3 creatures vanquished

Notes
Turn   | Place    | Note
-------+----------+-------------------------------------------
     0 | D:5      | petzl the Formicid Delver began the quest for the Orb.
     0 | D:5      | Reached XP level 1. HP: 18/18 MP: 1/1
    25 | D:6      | Noticed a water moccasin
    74 | D:5      | Reached skill level 1 in Spellcasting
    74 | D:5      | Reached XP level 2. HP: 13/24 MP: 1/4
   200 | D:5      | Noticed an ogre
   255 | D:5      | You fall into a shaft and drop 2 floors!
   332 | D:7      | Noticed a killer bee
   332 | D:7      | Noticed a killer bee
   332 | D:7      | Noticed a killer bee
   332 | D:7      | Noticed a killer bee
   332 | D:7      | Noticed a killer bee
   337 | D:7      | You fall into a shaft and drop 3 floors!
   337 | D:10     | Entered Level 10 of the Dungeon
   347 | D:10     | Noticed a centaur
   547 | D:7      | Noticed an ice beast
   554 | D:6      | Noticed Sigmund
   634 | D:5      | Noticed Grinder
   639 | D:5      | Killed from afar by Grinder

Illustrated notes

Levels and vault maps discovered:
D:4:      layout_gridville, minmay_lizard_king
D:5:      layout_basic, slow_altar_1, chequers_decorated_corner, uniq_grinder,
          uniq_duvessa, uniq_pikel, uniq_ijyb, uniq_blork_the_orc
D:6:      layout_loops_ring, nicolae_ru_awakened_eye, amcnicky_altar_gilded,
          mainiacjoe_overflow_six_doors_small, grunt_dithmenos_shadows,
          minmay_temple_entry_sparse_star, uniq_sigmund
D:7:      layout_loops_corners, uniq_prince_ribbit1
D:8:      nicolae_hitomezashi [nicolae_hito_row, nicolae_hito_row,
          nicolae_hito_row, nicolae_hito_row, nicolae_hito_row,
          nicolae_hito_row, nicolae_hito_row, nicolae_hito_row,
          nicolae_hito_row, nicolae_hito_row, nicolae_hito_row,
          nicolae_hito_row, nicolae_hito_row, nicolae_hito_row,
          nicolae_hito_row, nicolae_hito_row, nicolae_hito_row,
          nicolae_hito_row], layout_rooms, lemuel_coloured_pillars_altar
D:9:      layout_layer_cave, fedhas_altar_1
D:10:     layout_gridville, lair_entry_dummy, david_orc_1_choice,
          amcnicky_mini_pool_medium

Skill      XL: |  1 |
---------------+----+-----
Spellcasting   | 1 |  1.7
Fighting       | |  3.2
Maces & Flails | |  2.0
Ranged Weapons | |  0.2
Dodging        | |  1.7
Stealth        | |  6.0

Action                     || total
---------------------------++-------
  Melee: Mace              ||    14
         Rapier            ||     6
   Fire: Sling             ||     2
Ability: Dig               ||     2
         Shaft Self        ||     2
  Evoke: Wand              ||     4
    Use: Scroll            ||     2
 Armour: Leather armour    ||     7
  Dodge: Dodged            ||    25

Table legend: (Time is in decaauts)
 A = Elapsed time spent in this place.
 B = Non-inter-level travel time spent in this place.
 C = Inter-level travel time spent in this place.
 D = Time resting spent in this place.
 E = Time spent auto-exploring this place.
 F = Levels seen in this place.
 G = Mean time per level.
                   A        B        C        D        E       F      G
               +--------+--------+--------+--------+--------+-----+--------+
         Total |    642 |    642 |      0 |    132 |     13 |   7 |   91.7 |
       Dungeon |    642 |    642 |      0 |    132 |     13 |   7 |   91.7 |
               +--------+--------+--------+--------+--------+-----+--------+

Top non-repeatable levels by time:
     D:5: 274 daAuts
    D:10: 151 daAuts
     D:7: 121 daAuts
     D:6: 67 daAuts
     D:9: 19 daAuts
     D:8: 4 daAuts
     D:4: 3 daAuts
